 Dungeon Crawl Stone Soup version 0.30-a0-476-g330ca2eb8e (webtiles) character file.

Game seed: 2894360820296508788

1297 xzight the Magician (level 8, -1/43 (46) HPs)
             Began as a Deep Elf Fire Elementalist on Dec 22, 2022.
             Was a Follower of Ashenzari.
             Slain by a necrophage (2 damage)
             ... on level 6 of the Dungeon.
             The game lasted 00:19:03 (5660 turns).

xzight the Magician (Deep Elf Fire Elementalist)    Turns: 5660, Time: 00:19:04

HP:   -1/43 (46)    AC:  4    Str:  5    XL:     8   Next: 31%
MP:   10/19         EV: 15    Int: 23    God:    Ashenzari [*.....]
Gold: 263           SH:  0    Dex: 15    Spells: 13/20 levels left

rFire   . . .      SeeInvis .    a - staff of conjuration {!a}
rCold   . . .      Faith    .    (no shield)
rNeg    . . .      Spirit   .    g - +0 robe of the Prophetic God {Alch, Elem} (curse)
rPois   .          Reflect  .    A - +0 helmet
rElec   .          Harm     .    (no cloak)
rCorr   .          Rampage  .    f - +0 pair of gloves of Cremastomancy {Bglg, Cun} (curse)
Will    .....                    (no boots)
Stlth   ++........               h - amulet of regeneration
HPRegen 1.07/turn                (no ring)
MPRegen 0.16/turn                (no ring)

@: drained
A: no striking features
a: Renounce Religion, Shatter the Chains


You were on level 6 of the Dungeon.
You worshipped Ashenzari.
Ashenzari was aware of your devotion.
You visited 1 branch of the dungeon, and saw 6 of its levels.

You collected 263 gold pieces.


   Skills:
 + Level 3.5 Fighting
 + Level 5.9(6.7) Dodging
 - Level 2.4(3.1) Stealth
 + Level 6.5 Spellcasting
 + Level 5.0(5.8) Conjurations
 + Level 5.9(6.7) Fire Magic


You had 13 spell levels left.
You knew the following spells:

 Your Spells              Type           Power      Damage    Failure   Level
a - Foxfire               Conj/Fire      100%       2x1d9     1%          1
b - Scorch                Fire           76%        2d8       1%          2
c - Flame Wave            Conj/Fire      53%        2d13      6%          4

Your spell library contained the following spells:

 Spells                   Type           Power      Damage    Failure   Level
 Inner Flame              Hex/Fire       23%        N/A       6%          3
 Summon Small Mammal      Summ           28%        N/A       9%          1
 Kindle Blastsparks       Fire/Tloc/Air  36%        2d13      10%         3
 Call Canine Familiar     Summ           7%         N/A       24%         3
 Portal Projectile        Hex/Tloc       14%        N/A       24%         3
 Summon Guardian Golem    Hex/Summ       7%         N/A       24%         3
 Tukima's Dance           Hex            7%         N/A       24%         3
 Blade Hands              Tmut           4%         N/A       91%         5

Inventory:

Hand Weapons
 b - a +2 dagger of draining
Missiles
 p - a throwing net {=f}
Armour
 f - the cursed +0 pair of gloves of Cremastomancy (worn) {Bglg, Cun}
   (You found it on level 1 of the Dungeon)

   It has a curse which improves the following skills: Beguiling: Conjurations,
   Hexes and Translocations.
   Cunning:   Dodging and Stealth.
 g - the cursed +0 robe of the Prophetic God (worn) {Alch, Elem}

   It has a curse which improves the following skills: Alchemy: Poison Magic and
   Transmutations.
   Elements:  Fire Magic, Ice Magic, Air Magic and Earth Magic.
 A - a +0 helmet (worn)
Magical Staves
 a - a staff of conjuration (weapon) {!a}
Jewellery
 c - a ring of ice
 h - an amulet of regeneration (around neck)
 C - a ring of ice
Wands
 m - a wand of polymorph (10)
Scrolls
 i - a scroll of enchant weapon
 j - a scroll of poison
 l - 2 scrolls of teleportation {@r2}
 q - a scroll of identify {@r1}
 r - 2 scrolls of amnesia
 s - 2 scrolls of immolation
 u - a scroll of magic mapping
 y - a scroll of noise
 z - 2 scrolls of fog
Potions
 d - 2 potions of heal wounds {@q2}
 e - a potion of flight
 k - 2 potions of invisibility
 n - a potion of mutation
 o - a potion of attraction
 t - a potion of magic
 v - 2 potions of curing {@q1}
 w - a potion of brilliance
 x - 2 potions of lignification
 B - a potion of haste {@q3}

Dungeon Overview and Level Annotations

Branches:
Dungeon (6/15)
 Temple: D:4-7

Altars:
Ashenzari
Ru
Sif Muna
Trog
Vehumet
Wu Jian
Yredelemnul
Zin

Annotations:
D:5 1 runed translucent door, exclusions: black bear and 2 upstairs, xzight's ghost, novice DENe

## .##.....##. .##.
.......... .... .........
.... #....... #.... #####
#.....# #....
......##.....###########....
......#.....................
..........n@<...............
......#...J.ยง...............
##..n ##..).................
#.. #.....##............. ...
#.....##.......##.... $J
#.....##.......##.... .
#......#........#....
#......#....#########
#......#...##...#...#


You could see a necrophage and a jelly.


Message History

Casting: Scorch (safe; 1% risk of failure)
Confirm with . or Enter, or press ? or * to list all spells.
Flames lash the jelly.
The jelly is moderately wounded.
The jelly's fire resistance burns away.
You feel sick. The necrophage hits you.
* * * LOW HITPOINT WARNING * * *
You feel sick. The necrophage hits you.
* * * LOW HITPOINT WARNING * * *
You feel drained.
* * * LOW HITPOINT WARNING * * *
You feel sick.
You are no longer poisoned.
Casting: Scorch (safe; 1% risk of failure)
Confirm with . or Enter, or press ? or * to list all spells.
You feel a surge of power!
You conjure some foxfire!
The necrophage is no longer more vulnerable to fire.
The necrophage hits you but does no damage.
The jelly hits you.
* * * LOW HITPOINT WARNING * * *
You are splashed with acid!
* * * LOW HITPOINT WARNING * * *
The jelly is no longer more vulnerable to fire.
The foxfire hits the necrophage.
The necrophage is heavily damaged.
The foxfire hits the necrophage but does no damage.
The necrophage is heavily damaged.
The jelly closely misses you. The necrophage hits you.
* * * LOW HITPOINT WARNING * * *
You feel drained.
You die...

Skill      XL: |  1  2  3  4  5  6  7  8 |
---------------+-------------------------+-----
Fighting       | 1 2 3 |  3.5
Dodging        | 3 4 5 |  5.9
Conjurations   | 2 3 4 5 |  5.0
Spellcasting   | 4 5 6 |  6.5
Fire Magic     | 4 5 |  5.9
Stealth        | |  2.4

Action                   |  1- 3 |  4- 6 |  7- 9 || total
-------------------------+-------+-------+-------++-------
Melee: Staff             |       |     4 |       ||     4
 Cast: Foxfire           |    50 |    96 |    33 ||   179
       Scorch            |     2 |    36 |    25 ||    63
Invok: Curse Item        |       |       |     2 ||     2
  Use: Scroll            |     3 |     4 |     2 ||     9
Armor: Robe              |     3 |     8 |     3 ||    14
Dodge: Dodged            |     1 |    33 |    11 ||    45

Levels and vault maps discovered:
D:1:      evilmike_arrival_crescent, layout_basic, serial_curves,
          eino_curves_01, eino_curves_03
D:2:      layout_rooms, serial_shops, shop, basic_altar, uniq_natasha
D:3:      layout_basic, mainiacjoe_overflow_alcove_1, nzn_wu_jian_council_hall
D:4:      nicolae_cairo_tiling_large, layout_loops_ring,
          mainiacjoe_overflow_cross_hatched, minmay_bisected
D:5:      layout_gridville, grunt_temple_overflow_open, gammafunk_ghost_grave,
          bh_walls_and_bars
D:6:      layout_gridville, marbit_many_paths

Notes
Turn   | Place    | Note
-------+----------+-------------------------------------------
     0 | D:1      | xzight the Deep Elf Fire Elementalist began the quest for
                  | the Orb.
     0 | D:1      | Reached XP level 1. HP: 10/10 MP: 6/6
   240 | D:1      | Reached XP level 2. HP: 16/16 MP: 5/8
   943 | D:2      | Found a sacrificial altar of Ru.
  1025 | D:2      | Noticed Natasha
  1033 | D:2      | Killed Natasha
  1034 | D:2      | Reached skill level 1 in Fighting
  1034 | D:2      | Reached skill level 3 in Dodging
  1034 | D:2      | Reached XP level 3. HP: 20/20 MP: 6/10
  1061 | D:2      | Learned a level 2 spell: Scorch
  1112 | D:2      | Reached skill level 2 in Conjurations
  1374 | D:2      | Noticed Natasha
  1381 | D:2      | Killed Natasha
  1382 | D:2      | Reached XP level 4. HP: 25/25 MP: 8/11
  1392 | D:2      | Found Yssis's Weapon Shoppe.
  1537 | D:2      | Noticed Natasha
  1847 | D:2      | Killed Natasha
  1944 | D:3      | Reached skill level 4 in Spellcasting
  2056 | D:3      | Reached skill level 4 in Fire Magic
  2121 | D:3      | Reached XP level 5. HP: 29/29 MP: 8/13
  2187 | D:3      | Found an ornate altar of the Wu Jian Council.
  2260 | D:3      | Found a shimmering blue altar of Sif Muna.
  2979 | D:3      | Reached skill level 4 in Dodging
  2979 | D:3      | Reached skill level 3 in Conjurations
  3073 | D:3      | Reached XP level 6. HP: 35/35 MP: 9/14
  3256 | D:4      | Reached skill level 2 in Fighting
  3492 | D:4      | Identified the +0 leather armour of Lucidity {Will+ Str+4
                  | Int+4 Dex-5}
  3894 | D:4      | Found a broken altar of Ashenzari.
  3907 | D:4      | Became a worshipper of Ashenzari the Shackled
  4236 | D:4      | Learned a level 4 spell: Flame Wave
  4250 | D:5      | Entered Level 5 of the Dungeon
  4261 | D:5      | HP: 2/35 [ogre/+0 giant club (20)]
  4261 | D:5      | Found a basalt altar of Yredelemnul.
  4263 | D:5      | Found a glowing silver altar of Zin.
  4267 | D:5      | Found a runed translucent door.
  4269 | D:5      | Noticed xzight's ghost (novice DENe)
  4328 | D:5      | Reached skill level 5 in Spellcasting
  4505 | D:5      | Reached XP level 7. HP: 40/40 MP: 9/16
  4773 | D:5      | Reached skill level 5 in Fire Magic
  4863 | D:5      | Reached skill level 5 in Dodging
  4863 | D:5      | Reached skill level 4 in Conjurations
  5001 | D:5      | Found a radiant altar of Vehumet.
  5041 | D:5      | Reached skill level 3 in Fighting
  5141 | D:5      | Reached skill level 6 in Spellcasting
  5421 | D:6      | Reached * piety under Ashenzari
  5447 | D:6      | Reached XP level 8. HP: 46/46 MP: 16/19
  5597 | D:6      | Found a bloodstained altar of Trog.
  5653 | D:6      | Reached skill level 5 in Conjurations
  5660 | D:6      | HP: 1/45 [necrophage (6)]
  5660 | D:6      | Slain by a necrophage

Vanquished Creatures
  A water moccasin (D:6)
  An ice beast (D:6)
  An ogre (D:6)
  2 phantoms (D:5)
  2 necrophages (D:5)
  2 scorpions
  2 jellies (D:5)
  2 howler monkeys
  2 hounds
  3 iguanas
  Natasha (thrice) (D:2)
  2 orc wizards (D:3)
  3 gnolls (D:3)
  5 adders
  A shadow imp (D:5)
  A white imp (D:6)
  2 ufetubi
  2 worms
  A dart slug (D:4)
  14 orcs
  6 bats
  11 endoplasms
  2 giant cockroaches
  4 goblins
  7 hobgoblins
  4 jackals (D:3)
  6 quokkas
  8 ball pythons
  4 frilled lizards
  3 kobolds
  5 rats
112 creatures vanquished.

Vanquished Creatures (others)
  288 foxfires
  2 withered plants (D:5)
290 creatures vanquished.

Grand Total: 402 creatures vanquished

Table legend: (Time is in decaauts)
 A = Elapsed time spent in this place.
 B = Non-inter-level travel time spent in this place.
 C = Inter-level travel time spent in this place.
 D = Time resting spent in this place.
 E = Time spent auto-exploring this place.
 F = Levels seen in this place.
 G = Mean time per level.
                   A        B        C        D        E       F      G
               +--------+--------+--------+--------+--------+-----+--------+
         Total |   5690 |   5353 |    337 |   1511 |   2930 |   6 |  948.3 |
       Dungeon |   5690 |   5353 |    337 |   1511 |   2930 |   6 |  948.3 |
               +--------+--------+--------+--------+--------+-----+--------+

Top non-repeatable levels by time:
     D:3: 1235 daAuts
     D:4: 1171 daAuts
     D:1: 1032 daAuts
     D:2: 1017 daAuts
     D:5: 928 daAuts
     D:6: 305 daAuts

Table legend:
 A = Non-vault XP
 B = Vault XP
 C = Vault XP percentage of total XP
 D = Non-vault monster count
 E = Vault monster count
 F = Vault count percentage of total count
                 A         B        C        D         E       F
            +---------+---------+-------+---------+---------+-------
      Total |    1674 |     179 |   9.7 |     107 |       5 |   4.5
            +---------+---------+-------+---------+---------+-------
        D:1 |      26 |       0 |   0.0 |      15 |       0 |   0.0
        D:2 |      95 |      35 |  26.9 |      18 |       1 |   5.3
        D:3 |     229 |       0 |   0.0 |      37 |       0 |   0.0
        D:4 |     181 |      11 |   5.7 |      17 |       3 |  15.0
        D:5 |     737 |       0 |   0.0 |      15 |       0 |   0.0
        D:6 |     406 |     133 |  24.7 |       5 |       1 |  16.7
            +---------+---------+-------+---------+---------+-------
